 Dungeon Sprint DCSS version 0.30-a0-279-g4b46babb21 (webtiles) character file.

Game seed: 3663223295860384766

294 rocky1 the Thaumaturge (level 6, 0/40 HPs)
             Began as a Djinni Fire Elementalist on Oct 17, 2022.
             Slain by a queen bee (18 damage)
             ... in the Dungeon (Sprint IV: "Fedhas' Mad Dash").
             The game lasted 00:03:20 (760 turns).

rocky1 the Thaumaturge (Djinni Fire Elementalist)    Turns: 760, Time: 00:03:20

Health: 0/40       AC:  2    Str:  7    XL:     6   Next: 60%
Gold:   61         EV: 14    Int: 19    God:
                   SH:  0    Dex: 13

rFire   + + .      SeeInvis .    (no weapon)
rCold   x . .      Faith    .    (no shield)
rNeg    . . .      Spirit   .    a - +0 robe
rPois   ∞          Reflect  .    (no helmet)
rElec   .          Harm     .    (no cloak)
rCorr   .          Rampage  .    (no gloves)
Will    .....      NoTele   +    (boots unavailable)
Stlth   ++........               h - amulet of invisibility {+Inv}
HPRegen 0.26/turn                (no ring)
MPRegen 0.00/turn                (no ring)

@: flying
A: sickness immunity, fire resistance 2, cold vulnerability 1, float, innate
caster, HP casting, extra vitality 1
a: Evoke Invisibility


You were in the Dungeon.
You visited 1 branch You collected 61 gold pieces.

Inventory:

Armour
 a - a +0 robe (worn)
Jewellery
 h - the amulet of invisibility (around neck) {+Inv}
   (You found it in the Dungeon)

   [amulet of nothing]

   +Inv:      It lets you turn invisible.
Scrolls
 f - 2 scrolls of blinking
 g - a scroll of fear {unknown}
Potions
 b - a potion of curing
 c - a potion of heal wounds
 d - a potion of haste
 e - a potion of berserk rage


   Skills:
 + Level 5.7 Dodging
 + Level 3.7 Stealth
 + Level 9.0 Spellcasting


You had 7 spell levels left.
You knew the following spells:

 Your Spells              Type           Power      Damage    Failure   Level
a - Foxfire               Conj/Fire      100%       2x1d9     1%          1
b - Scorch                Fire           86%        2d9       1%          2
c - Kindle Blastsparks    Fire/Tloc/Air  86%        2d17      1%          3
d - Inner Flame           Hex/Fire       43%        N/A       1%          3
e - Flame Wave            Conj/Fire      43%        2d11      1%          4
f - Beastly Appendage     Tmut           86%        N/A       1%          1
g - Wereblood             Tmut           43%        N/A       1%          2
Your spell library was empty.

Dungeon Overview and Level Annotations

Branches:
Dungeon (1/1)

Altars:


Innate Abilities, Weirdness & Mutations

You are immune to sickness and miasma.
You are immune to poison.
Your flesh is very heat resistant. (rF++)
You are vulnerable to cold. (rC-)
You float through the air rather than walking.
You learn spells naturally, not from books.
Your magical power is your life essence.
You have superior vitality. (+4 MHP)


Message History

(Press . to intensify the flame waves.)
The killer bee misses you.
Unknown command.
A wave of flame ripples out!
The flame wave engulfs the killer bee!
The killer bee is severely wounded.
The flame wave engulfs the killer bee!
The killer bee is burned terribly!
You kill the killer bee!
The flame wave engulfs the killer bee!
You kill the killer bee!
The tree burns like a torch!
The killer bee stings you. The killer bee barely misses you.
Your Dodging skill increases to level 5!
Your Spellcasting skill gained 2 levels and is now at level 8!
You have reached level 6!
A wave of flame ripples out!
The flame wave engulfs the killer bee!
You kill the killer bee!
The flame wave engulfs the queen bee!
The queen bee is moderately wounded.
The flame wave engulfs the killer bee.
The killer bee is moderately wounded.
The tree burns like a torch!
You finish channelling waves of flame.
Unknown command.
The killer bee is engulfed in blazing flames.
The killer bee is engulfed in a forest fire.
Unknown command.
The killer bee is engulfed in blazing flames.
You kill the killer bee!
The queen bee is engulfed in blazing flames.
Your Spellcasting skill increases to level 9!
Casting: Flame Wave (dangerous; 1% risk of failure)
Confirm with . or Enter, or press ? or * to list all spells.
Flames lash the queen bee.
The queen bee is severely wounded.
The queen bee's fire resistance burns away.
Casting: Scorch (safe; 1% risk of failure)
Confirm with . or Enter, or press ? or * to list all spells.
Flames lash the queen bee.
The queen bee is burned terribly!
The queen bee is almost dead.
The queen bee stings you!!
You die...

##################
#§...#.....#.....#
#....'÷....'.#:..+
#....#.....#.#...#
###############'##
♣.§§§.y@.'...#
...§§§§§§..#...#
...§§§§§§.######
+####+#####


You could see a queen bee (combustible).

Vanquished Creatures
  A scorpion (D)
  4 killer bees (D)
  2 oklob saplings (D)
  A river rat (D)
  A rat (D)
9 creatures vanquished.

Vanquished Creatures (others)
  44 foxfires (D)
  7 fungi (D)
51 creatures vanquished.

Grand Total: 60 creatures vanquished

Notes
Turn   | Place    | Note
-------+----------+-------------------------------------------
     0 | D        | rocky1 the Djinni Fire Elementalist began the quest for the
                  | Orb.
     0 | D        | rocky1 set off with the following spells memorised:
                  | Foxfire, Scorch, Kindle Blastsparks, Inner Flame, Flame
                  | Wave.
     0 | D        | Reached XP level 1. HP: 15/15 MP: 0/0
    36 | D        | Reached skill level 3 in Spellcasting
    36 | D        | Reached XP level 2. HP: 6/21 MP: 0/0
   206 | D        | Noticed an oklob sapling
   221 | D        | Killed an oklob sapling
   222 | D        | Reached skill level 4 in Spellcasting
   222 | D        | Reached XP level 3. HP: 15/25 MP: 0/0
   222 | D        | Learned a level 1 spell: Beastly Appendage
   368 | D        | Noticed a scorpion
   368 | D        | Found the amulet of invisibility {+Inv}
   371 | D        | Killed a scorpion
   372 | D        | Reached skill level 6 in Spellcasting
   372 | D        | Reached XP level 4. HP: 16/31 MP: 0/0
   437 | D        | Reached XP level 5. HP: 11/35 MP: 0/0
   437 | D        | Learned a level 2 spell: Wereblood
   747 | D        | Noticed a queen bee
   756 | D        | Reached skill level 5 in Dodging
   756 | D        | Reached skill level 8 in Spellcasting
   756 | D        | Reached XP level 6. HP: 22/40 MP: 0/0
   759 | D        | Reached skill level 9 in Spellcasting
   760 | D        | Slain by a queen bee

Illustrated notes

Levels and vault maps discovered:
D:        dungeon_sprint_fedhas [sprint_temple]

Skill      XL: |  1  2  3  4  5  6 |
---------------+-------------------+-----
Stealth        | 2 3 |  3.7
Spellcasting   | 3 4 6 8 9 |  9.0
Dodging        | 3 4 5 |  5.7

Action                   |  1- 3 |  4- 6 || total
-------------------------+-------+-------++-------
Melee: Unarmed           |    12 |       ||    12
 Cast: Foxfire           |    19 |     5 ||    24
       Scorch            |     3 |     6 ||     9
       Flame Wave        |       |     1 ||     1
Dodge: Dodged            |     4 |     2 ||     6

Table legend: (Time is in decaauts)
 A = Elapsed time spent in this place.
 B = Non-inter-level travel time spent in this place.
 C = Inter-level travel time spent in this place.
 D = Time resting spent in this place.
 E = Time spent auto-exploring this place.
 F = Levels seen in this place.
 G = Mean time per level.
                   A        B        C        D        E       F      G
               +--------+--------+--------+--------+--------+-----+--------+
         Total |    760 |    760 |      0 |    620 |      0 |   1 |  760.0 |
       Dungeon |    760 |    760 |      0 |    620 |      0 |   1 |  760.0 |
               +--------+--------+--------+--------+--------+-----+--------+

Top non-repeatable levels by time:
       D: 760 daAuts
